 Dungeon Crawl Stone Soup version 0.28-a0-503-g83f2989fac (webtiles) character file.

Game seed: 5004990077130770584

63 lunkers the Skirmisher (level 4, -1/37 HPs)
             Began as a Djinni Cinder Acolyte on Sept 20, 2021.
             Was a High Priest of Ignis.
             Slain by an adder (4 damage)
             ... on level 1 of the Dungeon.
             The game lasted 00:03:50 (2480 turns).

lunkers the Skirmisher (Djinni Cinder Acolyte)      Turns: 2480, Time: 00:03:51

Health: -1/37      AC:  3    Str: 13    XL:     4   Next: 30%
Gold:   67         EV: 11    Int: 16    God:    Ignis [*****.] SH:  0 Dex:  9

rFire   + + +      SeeInvis .   f - +2 short sword (holy)
rCold   x . .      Faith    .   (no shield)
rNeg    . . .      Spirit   .   b - +1 robe
rPois   ∞          Reflect  .   (no helmet)
rElec   .          Harm     .   (no cloak)
rCorr   .          Rampage  .   (no gloves)
Will    .....                   (boots unavailable)
Stlth   +.........              (no amulet)
HPRegen 0.12/turn               g - ring of wizardry
MPRegen 0.00/turn               (no ring)

@: weak-willed, flying
A: sickness immunity, fire resistance 2, cold vulnerability 1, float, innate
caster, hp casting, extra vitality 1
a: Renounce Religion, Sea of Fire, Foxfire Swarm, Rising Flame


You were on level 1 of the Dungeon.
You worshipped Ignis.
Ignis was extremely pleased with you.
You visited 1 branch of the dungeon, and saw 2 of its levels.

You collected 67 gold pieces.

Inventory:

Hand Weapons
 a - a -1 short sword of flaming
 f - a +2 short sword of holy wrath (weapon)
Armour
 b - a +1 robe (worn)
Jewellery
 g - a ring of wizardry (left hand)
Scrolls
 e - a scroll of fog {unknown}
Potions
 h - a potion of brilliance {unknown}


   Skills:
 + Level 3.6 Fighting
 - Level 2.6 Short Blades
 * Level 3.4 Spellcasting


You had 6 spell levels left.
You knew the following spells:

 Your Spells              Type           Power      Damage    Failure   Level
a - Scorch                Fire           26%        2d6       2%          2
b - Sandblast             Erth           26%        2d8       1%          1
Your spell library was empty.

Dungeon Overview and Level Annotations

Branches:
Dungeon (2/15)

Altars:


Innate Abilities, Weirdness & Mutations

You are immune to sickness and miasma.
You are immune to poison.
Your flesh is very heat resistant. (rF++)
You are vulnerable to cold. (rC-)
You float through the air rather than walking.
You learn spells naturally, not from books.
Your magical power is your life essence.
You have superior vitality. (+4 HP)


Message History

There is a stone staircase leading up here.
The adder bites you.
* * * LOW HITPOINT WARNING * * *
You fly upwards.
There is a stone staircase leading down here.
Casting: Scorch (safe; 2% risk of failure)
Press: ? - help, Q - select action, (/) - cycle Dir - look around, f - activate You miscast Scorch.
You are very lightly contaminated with residual magic.
Nothing appears to happen.
* * * LOW HITPOINT WARNING * * *
The adder barely misses you.
Casting: Scorch (safe; 2% risk of failure)
Press: ? - help, Q - select action, (/) - cycle Dir - look around, f - activate Flames lash the adder.
The adder is moderately wounded.
The adder's fire resistance burns away.
* * * LOW HITPOINT WARNING * * *
The adder bites you.
* * * LOW HITPOINT WARNING * * *
The adder closely misses you.
Unknown command.
An adder is nearby!
Unknown command.
Okay, then.
The adder is no longer more vulnerable to fire.
The adder misses you.
Your magical contamination has completely faded away.
The adder bites you.
* * * LOW HITPOINT WARNING * * *
You don't have enough health to cast this spell.
Unknown command.
The adder barely misses you.
As you read the scroll labelled XIUMELIASA, it crumbles to dust.
It is a scroll of enchant armour.
Your +0 robe glows green for a moment.
The adder bites you but does no damage.
As you read the scroll labelled WEAKASUVOT, it crumbles to dust.
Magic quickly surges around you.
It was a scroll of vulnerability.
The adder bites you.
You die...

######.####.# #.#
.......#....# #.#
########.#### #.# #.# #.#
#.# #.# #.# #.# #.# #.#
########.# ###############.#
...).>...###...S@..........#
######.......###############
.......####### ########


You could see an adder (weak-willed).

Vanquished Creatures
  2 adders (D:2)
  A worm (D:2)
  2 dart slugs (D:1)
  4 orcs
  A giant cockroach (D:1)
  4 goblins
  2 hobgoblins
  3 jackals (D:1)
  2 kobolds (D:1)
  A quokka (D:1)
  5 ball pythons (D:1)
  3 bats (D:1)
  A frilled lizard (D:2)
  2 rats
33 creatures vanquished.

Notes
Turn   | Place    | Note
-------+----------+-------------------------------------------
     0 | D:1      | lunkers the Djinni Cinder Acolyte began the quest for the
                  | Orb.
     0 | D:1      | Reached XP level 1. HP: 20/20 MP: 0/0
   372 | D:1      | Reached XP level 2. HP: 11/25 MP: 0/0
   688 | D:1      | Found a faded altar of an unknown god.
  1177 | D:1      | Reached XP level 3. HP: 28/30 MP: 0/0
  1177 | D:1      | Learned a level 1 spell: Sandblast
  2446 | D:2      | Reached XP level 4. HP: 34/36 MP: 0/0
  2480 | D:1      | Slain by an adder

Illustrated notes

Levels and vault maps discovered:
D:1:      saegor_arrival_simple_b, layout_loops_ring,
          ebering_ecumenical_altar_sacrificial
D:2:      layout_rooms, hangedman_decor_lopped, guppyfry_early_orc_mine,
          uniq_terence

Skill      XL: |  1  2  3 |
---------------+----------+-----
Spellcasting   | 3 |  3.4
Fighting       | |  3.6
Short Blades   | |  2.6

Action                   |  1- 3 |  4- 6 || total
-------------------------+-------+-------++-------
Melee: Short sword       |    61 |       ||    61
 Cast: Scorch            |    30 |    10 ||    40
  Use: Scroll            |       |     2 ||     2
Armor: Robe              |    13 |     1 ||    14
Dodge: Dodged            |    43 |     4 ||    47

Table legend: (Time is in decaauts)
 A = Elapsed time spent in this place.
 B = Non-inter-level travel time spent in this place.
 C = Inter-level travel time spent in this place.
 D = Time resting spent in this place.
 E = Time spent auto-exploring this place.
 F = Levels seen in this place.
 G = Mean time per level.
                   A        B        C        D        E       F      G
               +--------+--------+--------+--------+--------+-----+--------+
         Total |   2479 |   2457 |     22 |    901 |   1144 |   2 | 1239.5 |
       Dungeon |   2479 |   2457 |     22 |    901 |   1144 |   2 | 1239.5 |
               +--------+--------+--------+--------+--------+-----+--------+

Top non-repeatable levels by time:
     D:1: 2267 daAuts
     D:2: 212 daAuts
